AoeStats
← Mezzanine00

Nomad

503155463Analyzed
4v4 RM · 1mo ago on Aug 30, 2026· 38m 54s· 8 players
Game mode
Random Map
Map size
231×231
Population
200
Speed
Normal
Resources
Standard
Victory
Conquest
Starting age
Dark Age
Ending age
Imperial Age
RankedLock teamsTeams togetherTeam positionsShared explorationLock speedFull tech treeHidden civsTurbo modeCheats
Victory
Defeat
🇬🇧 Malay · United Kingdom
1526
+14
🇮🇹 Mongols · Italy
1516
+15
🇩🇪 Chinese · Germany
1512
+15
🇲🇽 Wei · Mexico
1478
+16
🇨🇳 Celts · China
1612
-21
🇨🇳 Bulgarians · China
1489
-15
1464
-14
🇩🇪 Aztecs · Germany
1388
-11
UxCima
3:46 Loom
13:16 Feudal Age
14:41 Double-Bit Axe
17:47 Fishing Lines
20:20 Castle Age
19:05 Scale Mail Armor
21:39 Bow Saw
22:46 Wheelbarrow
24:15 Horse Collar
24:49 Light Cavalry
26:02 Town Watch
26:57 Heavy Plow
26:44 Town Watch
30:13 Forging
30:25 Bloodlines
31:01 Hand Cart
31:00 Gillnets
32:31 Gold Mining
35:22 Imperial Age
33:23 Scale Barding Armor
33:50 Stone Mining
34:36 Gold Shaft Mining
34:20 Husbandry
34:41 Chain Barding Armor
34:57 Iron Casting
36:17 Stone Shaft Mining
35:55 Heavy Hei Guang Cavalry
37:37 Blast Furnace
39:21 Chain Mail Armor
IMyloshI
3:23 Loom
12:54 Feudal Age
13:22 Double-Bit Axe
15:14 Gold Mining
21:05 Castle Age
20:36 Horse Collar
22:13 Bow Saw
22:17 Medium Warships
28:00 Wheelbarrow
29:53 Hand Cart
30:46 Town Watch
31:03 Stone Mining
31:50 Gold Shaft Mining
34:45 Imperial Age
32:32 Fletching
33:06 Ballistics
32:48 Padded Archer Armor
33:40 Bodkin Arrow
34:32 Leather Archer Armor
34:54 Elite Chu Ko Nu
35:35 Bracer
36:37 Chemistry
35:39 Heavy Plow
36:34 Conscription
38:22 Ring Archer Armor
39:01 Masonry
38:23 Heavy Rocket Cart
Guts
4:49 Loom
13:39 Feudal Age
14:32 Double-Bit Axe
15:01 Double-Bit Axe
17:50 Castle Age
16:57 Fletching
16:52 Horse Collar
17:06 Stone Mining
20:35 Bodkin Arrow
30:38 Ballistics
30:28 Padded Archer Armor
33:42 Bow Saw
36:33 Wheelbarrow
37:31 Bloodlines
Mezzanine00
5:19 Loom
14:26 Feudal Age
17:22 Castle Age
15:15 Fishing Lines
15:46 Double-Bit Axe
17:18 Bow Saw
17:26 Gillnets
18:30 Horse Collar
21:36 Wheelbarrow
23:47 Hand Cart
23:43 Heavy Plow
24:23 Gold Mining
24:24 Stone Mining
25:25 Town Watch
26:07 Forging
26:50 Gold Shaft Mining
26:50 Stone Shaft Mining
28:27 Iron Casting
27:46 Fletching
29:08 Arson
29:23 Squires
33:41 Imperial Age
31:55 Bodkin Arrow
32:57 Ballistics
34:09 Chemistry
34:18 Blast Furnace
34:00 Conscription
34:02 Bracer
34:12 Siege Engineers
34:04 Elite Karambit Warrior
danntheman
5:25 Loom
13:17 Feudal Age
15:21 Town Watch
19:22 Castle Age
18:08 Double-Bit Axe
20:38 Medium Warships
22:13 Sanctity
23:17 Wheelbarrow
24:36 Gold Mining
26:10 Fervor
27:30 Fishing Lines
31:47 Scale Mail Armor
36:19 Imperial Age
35:15 Forging
35:00 Horse Collar
35:57 Stone Mining
36:34 Chain Mail Armor
_XD_XiaoXiao
5:18 Loom
13:52 Feudal Age
18:00 Castle Age
16:05 Double-Bit Axe
16:01 Horse Collar
18:13 Wheelbarrow
18:57 Town Watch
19:41 Bow Saw
21:01 Wheelbarrow
22:33 Scale Barding Armor
24:40 Gold Mining
25:52 Forging
26:04 Husbandry
27:33 Bloodlines
28:02 Chain Barding Armor
30:27 Gold Shaft Mining
32:37 Iron Casting
38:19 Imperial Age
36:15 Stone Mining
叫我靓仔啊 扑街
3:45 Loom
15:30 Feudal Age
19:33 Castle Age
17:58 Double-Bit Axe
19:48 Town Watch
20:38 Wheelbarrow
20:38 Fletching
21:02 Bow Saw
21:29 Wheelbarrow
22:04 Bodkin Arrow
Bo Zhi Shang
4:27 Loom
12:30 Feudal Age
14:46 Fletching
19:48 Castle Age
17:43 Fishing Lines
18:30 Double-Bit Axe
20:46 Medium Warships
21:10 Bow Saw
22:34 Wheelbarrow
26:13 Gillnets
27:25 Gold Mining
28:27 Horse Collar
29:18 Heavy Plow
33:36 Imperial Age
32:18 Hand Cart
32:18 Scale Mail Armor
33:18 Chain Mail Armor
33:13 Forging
34:56 Plate Mail Armor
35:01 Iron Casting
34:04 Pikeman
34:40 Onager
36:15 Conscription
35:58 Heavy Scorpion
36:03 Halberdier
36:28 Arson
37:19 Conscription
38:46 Blast Furnace
Connection lost

Rejoining the realm…

Still unreachable

The connection could not be restored.

Session expired

The server has moved on; the page needs a fresh start.